 Dungeon Crawl Stone Soup version 0.13-a0-1536-gedae9ec (webtiles) character file.

188 Milan the Firebug (level 3, -4/37 HPs)
             Began as a Djinni Fire Elementalist on June 9, 2013.
             Slain by Sigmund
             ... wielding a +3,+1 scythe of protection
              (9 damage)
             ... on Level 2 of the Dungeon.
             The game lasted 00:08:55 (1486 turns).

Milan the Firebug (Djinni Fire Elementalist)        Turns: 1486, Time: 00:08:55

HP  -4/37        AC  3     Str  8      XL: 3   Next: 92%
MP   0/0         EV 12     Int 16      God:
Gold 123         SH  0     Dex 13      Spells:  3 memorised,  2 levels left

Res.Fire  : + + +   See Invis. : .   l - +1,+2 dwarf short sword (venom)
Res.Cold  : x . .   Warding    : .   a - +0 robe
Life Prot.: + + +   Conserve   : .   (no shield)
Res.Poison: .       Res.Corr.  : .   q - +0 helmet
Res.Elec. : .       Clarity    : .   (no cloak)
Sust.Abil.: . .     Spirit.Shd : .   (no gloves)
Res.Mut.  : .       Stasis     : .   (boots unavailable)
Res.Rott. : .       Flight     : .   (no amulet)
Saprovore : . . .                    (no ring)
                                     d - ring of magical power

@: confused, not resistant to hostile enchantments, very unstealthy
A: no striking features
a: no special abilities


You were on level 2 of the Dungeon.
You were not hungry.

You visited 1 branch of the dungeon, and saw 2 of its levels.

You collected 103 gold pieces.

Inventory:

Hand weapons
 l - a +1,+2 dwarven short sword of venom (weapon)
Armour
 a - a +0 robe (worn)
 q - a +0 helmet (worn)
Scrolls
 f - a scroll of recharging {unknown}
 h - a scroll of enchant weapon II {unknown}
 i - a scroll of noise {unknown}
 j - a scroll of curse armour {unknown}
 k - 3 scrolls of identify {unknown}
 m - a scroll of magic mapping {unknown}
 o - 3 scrolls of remove curse {unknown}
 p - a scroll of fog {unknown}
 r - 2 scrolls of amnesia {unknown}
Jewellery
 d - a ring of magical power (left hand)
 t - a cursed ring of teleportation {unknown}
Potions
 c - 2 potions of restore abilities {unknown}
 e - a potion of brilliance {unknown}
 g - a potion of agility {unknown}
 n - a potion of curing {unknown}
 s - 2 potions of speed {unknown}
Books
 b - a book of Flames

   Spells                             Type                      Level
   *Flame Tongue                      Conjuration/Fire             1
   *Throw Flame                       Conjuration/Fire             2
   *Conjure Flame                     Conjuration/Fire             3
   Inner Flame                        Hexes/Fire                   3
   Sticky Flame                       Conjuration/Fire             4
   Fireball                           Conjuration/Fire             5


   Skills:
 - Level 1.7 Dodging
 - Level 1.5 Stealth
 + Level 3.3 Spellcasting
 - Level 1.1 Conjurations
 * Level 5.1 Fire Magic


You had 2 spell levels left.
You knew the following spells:

 Your Spells              Type           Power        Failure   Level  Hunger
a - Flame Tongue          Conj/Fire      ##...        8%          1    None
b - Throw Flame           Conj/Fire      ##....       10%         2    ##.....
c - Conjure Flame         Conj/Fire      ##......     17%         3    ###....


Dungeon Overview and Level Annotations

Branches:
Dungeon (2/27)

Altars:

Annotations
D:2 Sigmund


Message History

The flame misses Sigmund.
Casting: Flame Tongue
Confirm with . or Enter, or press ? or * to list all spells.
You don't have enough magic to cast that spell.
Sigmund gestures at you while chanting.
You are confused.
There is an open door here.
Ouch! Sigmund casts a spell.
Sigmund flickers and vanishes!
Deactivating autopickup; reactivate with Ctrl-A.
You swing at nothing.
The puff of flame misses you.
You swing at nothing.
You swing at nothing.
You're too confused to cast spells.
Sorry, you're not good enough to have a special ability.
Unknown command.
Unknown command.
You swing at nothing.
It hits you!
You die...

#.....#######.....#######.'[..
#.....# #.....# ###... ###+###
#.....# ###' ##)#### ##. #...#
#.. ####'#### #)# ## #.......#
#.# #. ########.......### ###'#
##.####.....{'@......'.####....
#.....#.######.......#...##....
#.....#.# #.......###.##....
#.....#.# #.......# #.##....
#.....@.# #.......# #..#....
#.....### #.......# ##.'....
#....@### ######'## ###....
####....## #..# ##### ####..#
###.## #....


There were no monsters in sight!

Vanquished Creatures
  Terence (D:2)
  An adder (D:2)
  3 giant geckos
  2 bats (D:1)
  3 giant cockroaches
  8 goblins
  5 hobgoblins (D:1)
  2 jackals (D:2)
  4 kobolds
  2 ball pythons (D:2)
  2 giant newts
  2 rats (D:1)
35 creatures vanquished.

Vanquished Creatures (others)
  4 toadstools (D:1)
4 creatures vanquished.

Grand Total: 39 creatures vanquished

Notes
Turn   | Place    | Note
--------------------------------------------------------------
     0 | D:1      | Milan, the Djinni Fire Elementalist, began the quest for the Orb.
     0 | D:1      | Reached XP level 1. HP: 14/14 MP: 0/0
   317 | D:1      | Reached XP level 2. EP: 22/22
   871 | D:2      | Reached XP level 3. EP: 28/28
   947 | D:2      | Learned a level 2 spell: Throw Flame
   951 | D:2      | Learned a level 3 spell: Conjure Flame
  1239 | D:2      | Noticed Terence
  1272 | D:2      | Killed Terence
  1272 | D:2      | Reached skill level 5 in Fire Magic
  1452 | D:2      | Noticed Sigmund
  1486 | D:2      | Slain by Sigmund

Action                   || total
-------------------------++-------
Melee: Unarmed           ||     3
 Cast: Flame Tongue      ||    85
       Throw Flame       ||     2
